 Dungeon Crawl Stone Soup version 0.30-a0-177-g1cb5dbfd7a (webtiles) character file.

Game seed: 5559222832548578439

21083 Ge0ff the Geomancer (level 12, -3/85 HPs)
             Began as a Demigod Reaver on Oct 2, 2022.
             Killed from afar by a storm dragon (5 damage)
             ... with a bolt of lightning
             ... on level 11 of the Dungeon.
             The game lasted 00:34:44 (11217 turns).

Ge0ff the Geomancer (Demigod Reaver)               Turns: 11217, Time: 00:34:45

Health: -3/85      AC: 13    Str: 13    XL:     12   Next: 21%
Magic:  9/26       EV: 12    Int: 31    God:
Gold:   2013       SH:  0    Dex: 15    Spells: 6/25 levels left

rFire   . . .      SeeInvis .    a - +6 short sword (spect)
rCold   . . .      Faith    .    (no shield)
rNeg    . . .      Spirit   .    A - +0 steam dragon scales
rPois   .          Reflect  .    Q - +1 helmet
rElec   +          Harm     .    U - +2 cloak
rCorr   .          Rampage  .    (no gloves)
Will    ++...                    R - +2 pair of boots
Stlth   ++........               l - amulet of magic regeneration
HPRegen 0.34/turn                L - +4 ring of slaying
MPRegen 0.60/turn                x - ring of Luthrotutt {Wiz rElec Will+ Dex+3, =R}

@: brilliant, about to teleport
A: high MP 1, forlorn, divine attributes
a: no special abilities


You were on level 11 of the Dungeon.
You visited 1 branch of the dungeon, and saw 11 of its levels.

You collected 2013 gold pieces.

Inventory:

Hand Weapons
 a - a +6 spectral short sword (weapon)
Missiles
 v - a curare-tipped dart {=F}
 G - 2 atropa-tipped darts
 O - 9 poisoned darts
 P - 6 boomerangs
Armour
 y - a +1 robe of fire resistance
 A - +0 steam dragon scales (worn)
 K - a +0 leather armour of cold resistance
 N - a +0 ring mail of positive energy
 Q - a +1 helmet (worn)
 R - a +2 pair of boots (worn)
 U - a +2 cloak (worn)
 Y - a +0 kite shield of positive energy
Jewellery
 l - an amulet of magic regeneration (around neck)
 x - the ring of Luthrotutt (right hand) {Wiz rElec Will+ Dex+3, =R}
   (You acquired it on level 10 of the Dungeon)

   [ring of wizardry]

   It improves your spell success rate.
   Dex:       It affects your dexterity (+3).
   rElec:     It insulates you from electricity.
   Will:      It increases your willpower.
 L - a +4 ring of slaying (left hand)
Wands
 d - a wand of digging (8)
 e - a wand of charming (29)
 f - a wand of flame (42)
 j - a wand of acid (7)
Scrolls
 C - a scroll of poison
 F - a scroll of butterflies
 J - 2 scrolls of silence {!r}
 T - 6 scrolls of teleportation
 V - 2 scrolls of vulnerability
Potions
 q - 5 potions of curing
 z - 3 potions of brilliance
 B - a potion of cancellation {unknown}
 I - 2 potions of haste {unknown}
 M - a potion of might
 S - 2 potions of mutation {unknown}
 W - 6 potions of heal wounds {!q}
 X - 2 potions of flight {unknown}
 Z - a potion of lignification {unknown}


   Skills:
 - Level 2.0 Fighting
 - Level 3.0 Short Blades
 - Level 1.0 Armour
 - Level 1.7 Dodging
 - Level 1.0 Stealth
 - Level 7.0 Spellcasting
 + Level 10.3 Conjurations
 - Level 3.0 Summonings
 - Level 1.0 Necromancy
 - Level 1.2 Translocations
 + Level 5.8 Transmutations
 - Level 3.0 Air Magic
 * Level 12.1 Earth Magic
 - Level 3.0 Poison Magic


You had 6 spell levels left.
You knew the following spells:

 Your Spells              Type           Power      Damage    Failure   Level
f - Mephitic Cloud        Conj/Pois/Air  61%        N/A       1%          3
k - Magic Dart            Conj           100%       1d8       1%          1
m - Stone Arrow           Conj/Erth      100%       3d13      1%          3
s - Call Imp              Summ           44%        N/A       1%          2
C - Lee's Rapid Deconstr  Erth           46%        3d23*     1%          5
E - Irradiate             Conj/Tmut      37%        3d24      1%          5

Your spell library contained the following spells:

 Spells                   Type           Power      Damage    Failure   Level
 Kiss of Death            Conj/Necr      100%       2d13      1%          1
 Sandblast                Erth           100%       2d20      1%          1
 Slow                     Hex            64%        N/A       1%          1
 Momentum Strike          Conj/Tloc      100%       3d10      1%          2
 Passwall                 Tmut/Erth      65%        N/A       1%          2
 Call Canine Familiar     Summ           44%        N/A       1%          3
 Dazzling Flash           Conj/Hex       100%       N/A       1%          3
 Hailstorm                Conj/Ice       59%        3d13      1%          3
 Leda's Liquefaction      Hex/Erth       32%        N/A       1%          4
 Petrify                  Tmut/Erth      79%        N/A       1%          4
 Fulminant Prism          Conj/Hex       29%        3d14      2%          4
 Iron Shot                Conj/Erth      44%        9d9       2%          6
 Gell's Gravitas          Tloc           27%        N/A       3%          3
 Vampiric Draining        Necr           25%        2d7       3%          3
 Portal Projectile        Hex/Tloc       42%        N/A       4%          3
 Blade Hands              Tmut           31%        N/A       4%          5
 Confusing Touch          Hex            16%        N/A       5%          3
 Inner Flame              Hex/Fire       16%        N/A       5%          3
 Ice Form                 Ice/Tmut       43%        N/A       6%          4
 Cause Fear               Hex            8%         N/A       17%         4
 Silence                  Hex/Air        15%        N/A       26%         5
 Agony                    Necr           25%        N/A       32%         5
 Metabolic Englaciation   Hex/Ice        8%         N/A       43%         5
 Dragon Form              Tmut           31%        N/A       77%         7
 Discord                  Hex            8%         N/A       100%        8


Dungeon Overview and Level Annotations

Branches:
Dungeon (11/15) Zot: 26273  Temple (0/1) D:5            Lair (0/5) D:10
    Orc (0/2) D:10

Shops:
D:3 :


Innate Abilities, Weirdness & Mutations

You have an increased reservoir of magic. (+10% MP)
You shall have no god before yourself.
Your divine heritage dramatically boosts your attributes as you level up.


Message History

Fragment what (e.g. wall or brittle monster)?: a cyclops, quivering large rocks (heavily wounded)
An open door.
The stone door frame shatters!
The blast of rock fragments hits the cyclops!!
You kill the cyclops!
Casting: Lee's Rapid Deconstruction (mildly dangerous; 1% risk of failure)
Confirm with . or Enter, or press ? or * to list all spells.
Aiming: Lee's Rapid Deconstruction (mildly dangerous; 1% risk of failure)
Press: ? - help, Dir - move target, f - cyclops Fragment what (e.g. wall or brittle monster)?: a cyclops, quivering large rocks (heavily wounded)
An open door.
The stone door frame shatters!
The blast of rock fragments hits the cyclops!!
The cyclops is almost dead.
The cyclops throws a large rock.
The large rock hits you!!!
Ouch! That really hurt!
* * * LOW HITPOINT WARNING * * *
Casting: Lee's Rapid Deconstruction (mildly dangerous; 1% risk of failure)
Confirm with . or Enter, or press ? or * to list all spells.
Aiming: Stone Arrow (safe; 1% risk of failure)
Press: ? - help, Shift-Dir - straight line, f/p - cyclops
Aim: a cyclops, quivering large rocks (almost dead, 98% to hit)
The stone arrow hits the cyclops!
You kill the cyclops!
As you read the scroll of fear, it crumbles to dust.
You assume a fearsome visage.
The storm dragon resists with almost no effort.
It was a potion of brilliance.
You feel clever all of a sudden.
z - 3 potions of brilliance;
R - a +2 pair of boots (worn)
The storm dragon breathes lightning at you.
The bolt of lightning hits you! You resist.
* * * LOW HITPOINT WARNING * * *
The bolt of lightning hits you. You resist.
* * * LOW HITPOINT WARNING * * *
It was a potion of heal wounds.
You feel much better.
W - 6 potions of heal wounds;
X - 2 murky coppery potions The storm dragon breathes lightning at you.
The bolt of lightning hits you. You resist.
* * * LOW HITPOINT WARNING * * *
The bolt of lightning hits you! You resist.
* * * LOW HITPOINT WARNING * * *
You hear a shout!
As you read the scroll of teleportation, it crumbles to dust.
You feel strangely unstable.
The storm dragon breathes lightning at you.
The bolt of lightning hits you! You resist.
* * * LOW HITPOINT WARNING * * *
The bolt of lightning hits you. You resist.
You die...

#####....# ........#
#.......#
####.##....#
#..........#
...........#
...........#######
..........[......###
+#####'#####'###@..#
.# #.######..#D..#
.#####...##).#.#...#
.D.+(#.#.+##.#.(...#
.###...###.###.#...#
.# ###.# #.....#.(.#
D# #+# ###+###.#.#
#) #.....#.#.# ..
#.⌠.⌠.#.#.#


You could see a storm dragon (catching breath).

Vanquished Creatures
  A hydra (D:11)
  2 centaur warriors (D:11)
  Erica (D:9)
  4 two-headed ogres
  3 tengu warriors
  Lodul (D:10)
  An obsidian statue (D:9)
  A wolf spider (D:11)
  3 deep elf pyromancers
  2 manticores (D:11)
  5 cyclopes (D:11)
  An unseen horror (D:10)
  A freezing wraith (D:11)
  Psyche (D:8)
  4 trolls
  A hornet (D:9)
  Prince Ribbit (D:6)
  Grinder (D:6)
  6 yaks
  4 shadows
  A wraith (D:10)
  5 wyverns
  Eustachio (D:6)
  A steam dragon (D:8)
  Menkaure (D:6)
  A water moccasin (D:6)
  An ice beast (D:6)
  A black bear (D:7)
  6 orc warriors
  9 ogres
  5 centaurs
  A phantom (D:6)
  A kobold brigand (D:7)
  3 bullfrogs
  3 scorpions
  3 wights (D:10)
  10 killer bees
  4 howler monkeys
  3 hounds
  A jelly (D:6)
  Crazy Yiuf (D:2)
  11 orc priests
  An iron imp (D:7)
  An iguana (D:7)
  14 orc wizards
  4 gnolls
  7 adders
  2 shadow imps (D:7)
  3 white imps
  2 worms (D:3)
  5 dart slugs
  32 orcs
  9 ball pythons
  3 bats
  9 endoplasms
  A giant cockroach (D:1)
  7 hobgoblins
  2 jackals (D:5)
  6 quokkas
  3 frilled lizards
  5 goblins
  9 kobolds
  5 rats
247 creatures vanquished.

Vanquished Creatures (collateral kills)
  An ogre (D:5)
  A scorpion (D:3)
  A killer bee (D:9)
  An iguana (D:4)
  2 dart slugs (D:3)
  3 orcs
  A goblin (D:3)
  A kobold (D:3)
  A frilled lizard (D:3)
  A rat (D:3)
13 creatures vanquished.

Grand Total: 260 creatures vanquished

Notes
Turn   | Place    | Note
-------+----------+-------------------------------------------
     0 | D:1      | Ge0ff the Demigod Reaver began the quest for the Orb.
     0 | D:1      | Reached XP level 1. HP: 17/17 MP: 5/5
   197 | D:1      | Noticed a golden eye
   230 | D:1      | Noticed a shining eye
   230 | D:1      | Noticed a great orb of eyes
   230 | D:1      | Noticed a great orb of eyes
   278 | D:1      | Reached skill level 1 in Necromancy
   278 | D:1      | Reached XP level 2. HP: 8/19 MP: 2/7
   453 | D:1      | Learned a level 1 spell: Magic Dart
   832 | D:1      | Reached XP level 3. HP: 24/24 MP: 4/8
  1603 | D:2      | Reached skill level 1 in Armour
  1816 | D:2      | Found a runed translucent door.
  1817 | D:2      | Noticed Crazy Yiuf
  1822 | D:2      | Killed Crazy Yiuf
  1823 | D:2      | Reached XP level 4. HP: 23/30 MP: 7/9
  1931 | D:2      | Learned a level 2 spell: Call Imp
  2672 | D:3      | Reached skill level 1 in Summonings
  2735 | D:3      | Found Qovarob's Book Shop.
  2922 | D:3      | Reached XP level 5. HP: 36/41 MP: 3/10
  3145 | D:3      | Got the Monograph on Terra Firma and the Voyage
  3608 | D:4      | Reached skill level 5 in Conjurations
  3608 | D:4      | Reached XP level 6. HP: 45/48 MP: 5/11
  3939 | D:4      | Reached skill level 1 in Translocations
  4392 | D:5      | Entered Level 5 of the Dungeon
  4435 | D:4      | Learned a level 3 spell: Mephitic Cloud
  4517 | D:5      | Reached skill level 1 in Air Magic
  4517 | D:5      | Reached skill level 1 in Poison Magic
  4527 | D:5      | Reached XP level 7. HP: 9/55 MP: 7/14
  4852 | D:5      | Found a staircase to the Ecumenical Temple.
  5346 | D:6      | Noticed Menkaure
  5350 | D:6      | Reached skill level 1 in Stealth
  5357 | D:6      | Killed Menkaure
  5365 | D:6      | Noticed Grinder
  5366 | D:6      | Reached XP level 8. HP: 57/61 MP: 11/18
  5381 | D:6      | Killed Grinder
  5382 | D:6      | Reached skill level 5 in Spellcasting
  5454 | D:6      | Noticed Eustachio
  5474 | D:6      | Killed Eustachio
  5633 | D:6      | Noticed Prince Ribbit
  5650 | D:6      | Killed Prince Ribbit
  5811 | D:6      | Got Qafo's Teachings on Sculpting and Guile
  5904 | D:6      | Reached XP level 9. HP: 67/67 MP: 20/23
  6252 | D:7      | Identified a scroll of acquirement
  6252 | D:7      | Acquired a book of Geomancy
  6258 | D:7      | Learned a level 3 spell: Stone Arrow
  6275 | D:7      | Reached skill level 1 in Earth Magic
  6595 | D:7      | Reached skill level 2 in Earth Magic
  6944 | D:8      | Noticed Psyche
  7254 | D:8      | Reached skill level 3 in Earth Magic
  7397 | D:8      | Reached skill level 4 in Earth Magic
  7404 | D:8      | Reached skill level 5 in Earth Magic
  7466 | D:8      | Killed Psyche
  7771 | D:9      | Noticed an obsidian statue
  7923 | D:9      | Reached skill level 6 in Earth Magic
  8026 | D:9      | Noticed a two-headed ogre
  8031 | D:9      | Killed a two-headed ogre
  8032 | D:9      | Reached skill level 7 in Earth Magic
  8032 | D:9      | Reached XP level 10. HP: 41/73 MP: 10/24
  8290 | D:9      | Noticed a deep elf pyromancer
  8303 | D:9      | Killed a deep elf pyromancer
  8304 | D:9      | Reached skill level 8 in Earth Magic
  8584 | D:9      | Noticed a two-headed ogre
  8590 | D:9      | Killed a two-headed ogre
  8852 | D:9      | Learned a level 5 spell: Irradiate
  8923 | D:9      | Noticed Erica
  8929 | D:9      | Killed Erica
  8930 | D:9      | Reached skill level 9 in Earth Magic
  8956 | D:9      | Learned a level 5 spell: Lee's Rapid Deconstruction
  9043 | D:9      | Killed an obsidian statue
  9044 | D:9      | Reached skill level 1 in Transmutations
  9134 | D:10     | Entered Level 10 of the Dungeon
  9248 | D:10     | Noticed Lodul
  9254 | D:10     | Killed Lodul
  9255 | D:10     | Reached XP level 11. HP: 79/79 MP: 4/25
  9380 | D:10     | Noticed a two-headed ogre
  9391 | D:10     | Killed a two-headed ogre
  9488 | D:10     | Found a staircase to the Orcish Mines.
  9629 | D:10     | Identified the +4 flail of Disorder {speed, rC- Will+
                  | Stlth+}
  9783 | D:10     | Reached skill level 10 in Earth Magic
 10101 | D:10     | Acquired the ring of Luthrotutt {Wiz rElec Will+ Dex+3}
 10434 | D:10     | Found a staircase to the Lair.
 10553 | D:11     | Noticed a centaur warrior
 10553 | D:11     | Noticed a tengu warrior
 10560 | D:11     | Killed a centaur warrior
 10560 | D:11     | Killed a tengu warrior
 10563 | D:11     | Noticed a two-headed ogre
 10578 | D:11     | Killed a two-headed ogre
 10583 | D:11     | Reached skill level 11 in Earth Magic
 10860 | D:11     | Found the +7 Singing Sword {vorpal, sonic wave}
 10860 | D:11     | Noticed a tengu warrior
 10862 | D:11     | Noticed a seven-headed hydra
 10866 | D:11     | Killed a seven-headed hydra
 10866 | D:11     | Killed a tengu warrior
 10866 | D:11     | Noticed a tengu warrior
 10887 | D:10     | Killed a tengu warrior
 10888 | D:10     | Reached skill level 10 in Conjurations
 10888 | D:10     | Reached skill level 5 in Transmutations
 11057 | D:11     | Noticed a deep elf pyromancer
 11059 | D:11     | Killed a deep elf pyromancer
 11060 | D:11     | Reached XP level 12. HP: 85/85 MP: 16/26
 11151 | D:11     | Noticed a centaur warrior
 11154 | D:11     | Noticed a storm dragon
 11155 | D:11     | Killed a centaur warrior
 11202 | D:11     | Reached skill level 12 in Earth Magic
 11215 | D:11     | HP: 3/85 [storm dragon/bolt of lightning (5)]
 11217 | D:11     | Killed from afar by a storm dragon

Illustrated notes

Levels and vault maps discovered:
D:1:      dpeg_arrival_shrine, layout_loops_corners,
          hellmonk_ecumenical_altar_watching_god
D:2:      layout_loops_corners, uniq_crazy_yiuf_cottage
D:3:      layout_loops_ring, old_standard_altar, serial_shops,
          nicolae_shop_waterfront, minmay_close_crescents
D:4:      layout_cave_pods
D:5:      layout_rooms, okawaru_ov_weapons_minmay, temple_fountains,
          minmay_misc_feat_tiny, kennysheep_opposing_triangles
D:6:      layout_basic, mainiacjoe_overflow_six_doors_small,
          nicolae_hepliaklqana_hippocampus, minivault_1, uniq_grinder,
          uniq_eustachio, uniq_prince_ribbit1, uniq_menkaure
D:7:      layout_basic, slow_altar_1, dk_rats_in_the_wall
D:8:      layout_rooms, uniq_psyche
D:9:      layout_loops_ring, grunt_temple_overflow_opulence,
          lightli_temple_of_fire, minmay_misc_feat_roman, minivault_16,
          corexii_leaking_fountain, lightli_fourway_metalbox, uniq_erica
D:10:     layout_grid_maze, mainiacjoe_overflow_divided_tiny,
          lemuel_round_altar, lair_entry_dummy, orc_0_dummy, uniq_lodul
D:11:     minmay_the_grid_square_5x5_5x5 [minmay_the_grid_square_5x5_longway,
          minmay_the_grid_square_5x5_shrine1,
          minmay_the_grid_square_5x5_minivault,
          minmay_the_grid_square_5x5_six_small, minmay_the_grid_square_5x5_bite,
          minmay_the_grid_square_5x5_detours,
          minmay_the_grid_square_5x5_prize_pseudospiral,
          minmay_the_grid_square_5x5_slash,
          minmay_the_grid_square_5x5_prize_gold,
          minmay_the_grid_square_5x5_two_small, minmay_the_grid_square_5x5_plus,
          minmay_the_grid_square_5x5_fat_x,
          minmay_the_grid_square_5x5_prize_monsterx,
          minmay_the_grid_square_5x5_hourglass,
          minmay_the_grid_square_5x5_seven, minmay_the_grid_square_5x5_n,
          minmay_the_grid_square_5x5_prize_open,
          minmay_the_grid_square_5x5_spiral_small,
          minmay_the_grid_square_5x5_prize_waves,
          minmay_the_grid_square_5x5_shrine2, minmay_the_grid_square_5x5_meh,
          minmay_the_grid_square_5x5_misaligned,
          minmay_the_grid_square_5x5_three, minmay_the_grid_square_5x5_inner_i,
          minmay_the_grid_square_5x5_mess], layout_rooms

Skill      XL: |  1  2  3  4  5  6  7  8  9 10 11 12 |
---------------+-------------------------------------+-----
Spellcasting   | 2 3 4 7 |  7.0
Conjurations   | 3 4 5 6 7 8 10 | 10.3
Necromancy     | 1 |  1.0
Fighting       | 2 |  2.0
Short Blades   | 3 |  3.0
Armour         | 1 |  1.0
Summonings     | 1 2 3 |  3.0
Translocations | 1 |  1.2
Air Magic      | 2 3 |  3.0
Poison Magic   | 1 3 |  3.0
Stealth        | 1 |  1.0
Earth Magic    | 7 9 11 12 | 12.1
Transmutations | 2 5 |  5.8
Dodging        | |  1.7

Action                   |  1- 3 |  4- 6 |  7- 9 | 10-12 || total
-------------------------+-------+-------+-------+-------++-------
Melee: Short sword       |    54 |       |    95 |    29 ||   178
       Punch             |     1 |       |       |     1 ||     2
       Dagger            |       |    22 |    18 |       ||    40
Throw: Boomerang         |     2 |     2 |     1 |       ||     5
       Dart              |       |       |       |     1 ||     1
 Cast: Kiss of Death     |     4 |       |       |       ||     4
       Magic Dart        |    51 |   130 |    67 |    13 ||   261
       Call Imp          |       |    16 |     6 |       ||    22
       Mephitic Cloud    |       |     1 |    22 |    19 ||    42
       Stone Arrow       |       |       |    53 |    68 ||   121
       Lee's Rapid Decon |       |       |       |    34 ||    34
       Irradiate         |       |       |       |    11 ||    11
Evoke: Wand              |       |       |       |     4 ||     4
  Use: Scroll            |     3 |     6 |    10 |    10 ||    29
       Potion            |       |       |       |     2 ||     2
 Stab: Confused          |       |     3 |     3 |     3 ||     9
       Distracted        |       |       |     2 |       ||     2
       Sleeping          |       |       |       |     1 ||     1
Armor: Leather armour    |    11 |    12 |    31 |       ||    54
       Steam dragon scal |       |       |     1 |    34 ||    35
Dodge: Dodged            |    32 |    29 |    52 |    32 ||   145

Table legend: (Time is in decaauts)
 A = Elapsed time spent in this place.
 B = Non-inter-level travel time spent in this place.
 C = Inter-level travel time spent in this place.
 D = Time resting spent in this place.
 E = Time spent auto-exploring this place.
 F = Levels seen in this place.
 G = Mean time per level.
                   A        B        C        D        E       F      G
               +--------+--------+--------+--------+--------+-----+--------+
         Total |  11195 |  10680 |    515 |    167 |   8718 |  11 | 1017.7 |
       Dungeon |  11195 |  10680 |    515 |    167 |   8718 |  11 | 1017.7 |
               +--------+--------+--------+--------+--------+-----+--------+

Top non-repeatable levels by time:
    D:10: 1547 daAuts
     D:1: 1510 daAuts
     D:9: 1370 daAuts
     D:4: 1126 daAuts
     D:2: 1060 daAuts
     D:6: 987 daAuts
     D:3: 895 daAuts
     D:7: 836 daAuts
     D:8: 683 daAuts
     D:5: 640 daAuts
    D:11: 535 daAuts
